Map: Catalyst LE

Players

HellraiseR - Winner!

  • Race: Protoss Protoss
  • League: Grandmaster
  • Spawn Location: 5:00

Guru

  • Race: Zerg Zerg
  • League: Master
  • Spawn Location: 11:00

VOD

Have the link to the VOD?

Description

Time

  • Played on: Feb. 9, 2018, 3:55 p.m.
  • Length: 7:40
Show
View Real Time Build Order
Export as new Build Order

HellraiseR Protoss - Winner!

Build Orders: 1 Gate Expand, Oracle Opening 

Get SALT Encoding   

  12  0:00  Probe  
  13  0:12  Probe  
  14  0:20  Pylon  
  14  0:25  Probe (Chrono Boost)  
  15  0:39  Probe (Chrono Boost)  
  15  0:42  Gateway  
  16  0:45  Probe  
  17  0:51  Assimilator  
  17  0:57  Probe  
  18  1:09  Probe  
  19  1:23  Nexus  
  19  1:26  Probe (Chrono Boost)  
  20  1:35  Probe (Chrono Boost)  
  20  1:38  Cybernetics Core  
  21  1:45  Assimilator  
  21  1:46  Probe  
  22  1:53  Pylon  
  22  1:58  Probe  
  23  2:11  Probe  
  23  2:13  Adept (Chrono Boost)  
  26  2:23  Stargate  
  26  2:24  Probe (Chrono Boost)  
  27  2:31  Adept  
  27  2:35  Probe (Chrono Boost)  
  31  2:42  Probe (Chrono Boost)  
  32  2:44  Probe (Chrono Boost)  
  32  2:49  Probe x2 (Chrono Boost)  
  33  2:52  Assimilator  
  34  3:00  Probe  
  34  3:01  Probe  
  34  3:03  Void Ray (Chrono Boost)  
  36  3:12  Probe  
  41  3:18  Probe  
  42  3:24  Probe  
  42  3:25  Gateway  
  43  3:28  Assimilator  
  43  3:30  Pylon  
  44  3:37  Oracle (Chrono Boost)  
  46  3:45  Stargate  
  46  3:48  Probe x2  
  46  3:54  Pylon  
  48  3:57  Shield Battery  
  48  4:01  Probe  
  49  4:03  Probe  
  49  4:04  Void Ray (Chrono Boost)  
  54  4:13  Probe  
  56  4:18  Protoss Air Weapons Level 1, Pylon  
  56  4:25  Probe  
  60  4:32  Probe  
  60  4:37  Void Ray (Chrono Boost), Probe  
  62  4:40  Void Ray (Chrono Boost)  
  67  4:55  Pylon  
  67  5:00  Pylon  
  67  5:06  Nexus  
  70  5:18  Void Ray (Chrono Boost)  
  70  5:26  Void Ray (Chrono Boost)  
  70  5:28  Stargate  
  74  5:29  Probe  
  74  5:31  Probe  
  76  5:39  Pylon  
  76  5:42  Probe  
  77  5:48  Probe  
  78  5:50  Pylon  
  78  6:02  Void Ray (Chrono Boost)  
  78  6:04  Void Ray (Chrono Boost)  
  86  6:06  Pylon  
  86  6:07  Pylon  
  86  6:08  Void Ray (Chrono Boost), Probe x2  
  92  6:21  Nexus  
  92  6:24  Pylon  
  96  6:45  Void Ray (Chrono Boost)  
  100  6:51  Pylon  
  100  6:52  Void Ray x2 (Chrono Boost), Pylon  
  100  7:00  Probe x2  
  105  7:12  Probe  
Show
View Real Time Build Order
Export as new Build Order

Guru Zerg 

Build Orders: Hatch First 

Get SALT Encoding   

  12  0:01  Drone  
  13  0:13  Overlord  
  13  0:17  Drone  
  14  0:32  Drone x2  
  16  0:36  Drone  
  17  0:52  Drone  
  18  1:00  Hatchery  
  17  1:14  Spawning Pool  
  17  1:16  Extractor  
  17  1:17  Drone  
  16  1:19  Drone  
  16  1:23  Drone  
  18  1:35  Drone  
  19  1:49  Hatchery  
  19  1:51  Drone  
  19  2:01  Queen  
  21  2:12  Queen  
  21  2:15  Zergling x2  
  24  2:22  Overlord  
  24  2:28  Metabolic Boost  
  24  2:34  Zergling x4  
  26  2:39  Drone  
  26  2:41  Drone  
  28  2:44  Drone  
  28  2:49  Drone  
  28  2:50  Drone  
  31  2:55  Drone  
  31  3:01  Drone x2  
  33  3:08  Zergling x4  
  35  3:14  Drone x2  
  35  3:17  Spore Crawler  
  36  3:23  Drone x3  
  36  3:24  Drone  
  40  3:32  Spore Crawler  
  39  3:36  Spore Crawler  
  39  3:37  Drone x2  
  39  3:38  Drone  
  39  3:39  Drone  
  42  3:43  Evolution Chamber  
  42  3:47  Overlord  
  41  3:51  Overlord  
  40  3:56  Overlord  
  40  4:06  Drone  
  40  4:09  Queen  
  44  4:10  Drone x6  
  44  4:16  Drone x3  
  52  4:17  Drone  
  52  4:22  Zerg Melee Weapons Level 1  
  53  4:24  Drone  
  53  4:30  Drone x2, Baneling Nest  
  55  4:33  Overlord  
  55  4:37  Zergling x4  
  57  4:45  Overlord  
  57  4:48  Overlord  
  57  4:50  Drone  
  57  4:52  Overlord  
  57  4:53  Zergling x8  
  57  4:55  Zergling x4  
  57  4:59  Zergling x2  
  64  5:02  Zergling x4  
  64  5:04  Overlord  
  64  5:06  Zergling x4  
  64  5:07  Zergling x2  
  69  5:11  Lair  
  69  5:12  Queen  
  69  5:13  Drone x2  
  73  5:20  Zergling x2  
  73  5:21  Zergling x6  
  77  5:23  Zergling x4  
  77  5:26  Baneling x2  
  77  5:27  Drone  
  77  5:28  Drone x2  
  81  5:31  Extractor, Drone  
  79  5:37  Drone x3  
  79  5:38  Queen  
  82  5:47  Queen  
  82  5:49  Extractor  
  82  5:50  Drone x3  
  82  5:51  Drone x2  
  87  5:58  Overlord  
  87  6:01  Overlord  
  88  6:04  Zergling x8  
  88  6:05  Zergling x6  
  94  6:13  Queen  
  94  6:14  Hydralisk Den, Extractor, Drone  
  94  6:15  Drone x2  
  94  6:16  Drone  
  94  6:18  Zergling x4  
  100  6:20  Queen  
  102  6:27  Zergling x2  
  102  6:28  Zergling x2  
  102  6:35  Queen  
  102  6:39  Spore Crawler  
  100  6:41  Spore Crawler  
  86  6:48  Hydralisk  
  86  6:49  Hydralisk x6  
  87  6:55  Overlord  
  81  7:01  Hydralisk  
  81  7:03  Drone x4  
  81  7:04  Drone x3  
  85  7:14  Drone x2  
Tags
 
Add a new tag
Caveats
  • Supply blocks, unpowered buildings, or Contaminate may cause inaccurate times.
  • Supply counts are checked every 10 seconds.